 Dungeon Sprint DCSS version 0.26.1-11-gd32895ea62 (webtiles) character file.

Game seed: 10053164294636587873

19457 Zeld the Slayer (level 12, 0/204 HPs)
             Began as a Minotaur Berserker on Aug 6, 2021.
             Was the Champion of Trog.
             Succumbed to a swamp drake's noxious blast
             ... in the Dungeon (Sprint V: "Ziggurat Sprint").
             The game lasted 00:04:41 (1372 turns).

Zeld the Slayer (Minotaur Berserker)                Turns: 1372, Time: 00:04:42

Health: 0/204      AC: 31    Str: 40    XL:     12   Next: 36%
Magic:  11/11      EV: 10    Int:  6    God:    Trog [******]
Gold:   0          SH:  0    Dex: 12    Spells: 11/11 levels left

rFire    . . .     SeeInvis +   s - +1 war axe "Qeer" {flame, +Blink rC- Dex+3 SInv}
rCold    x . .     Faith    .   j - +3 tower shield
rNeg     + . .     Spirit   .   i - +5 crystal plate armour
rPois    .         Reflect  .   (helmet restricted)
rElec    .         Harm     .   (no cloak)
rCorr    .         Rampage  .   (no gloves)
Will     .....     NoTele   +   a - +1 pair of boots of Pantheism {rN+ Stlth+}
Stlth    ..........             b - amulet of Remimn {RegenMP Int+2}
HPRegen  0.44/turn              C - +6 ring of strength
MPRegen  0.37/turn              D - +6 ring of strength

@: confused, berserking, lethally poisoned (0 -> -82), studying Axes, very quick
A: retaliatory headbutt, horns 2
a: Renounce Religion, Evoke Blink, Berserk, Trog's Hand, Brothers in Arms


You were in the Dungeon.
You worshipped Trog.
Trog was exalted by your worship.
You visited 1 branch

Inventory:

Hand Weapons
 k - a +5 broad axe
 s - the +1 war axe "Qeer" (weapon) {flame, +Blink rC- Dex+3 SInv}
   (You found it in the Dungeon)

   It has been specially enchanted to burn those struck by it, causing extra
   injury to most foes and up to half again as much damage against particularly
   susceptible opponents.
   Big, fiery blades are also staple armaments of hydra-hunters.
   It affects your dexterity (+3).
   It makes you vulnerable to cold.
   It lets you see invisible.
   It lets you blink.
Armour
 a - the +1 pair of boots of Pantheism (worn) {rN+ Stlth+}
   (You acquired it in the Dungeon)

   It protects you from negative energy.
   It makes you more stealthy.
 i - a +5 crystal plate armour (worn)
 j - a +3 tower shield (worn)
Jewellery
 b - the amulet of Remimn (around neck) {RegenMP Int+2}
   (You found it in the Dungeon)

   [amulet of magic regeneration]

   It increases your magic regeneration.
   It affects your intelligence (+2).
 C - a +6 ring of strength (left hand)
 D - a +6 ring of strength (right hand)
Wands
 u - a wand of disintegration (7)
 v - a wand of iceblast (7)
 w - a wand of acid (7)
Scrolls
 h - a scroll of blinking
 l - 7 scrolls of fog
 m - a scroll of holy word
 n - 5 scrolls of identify
 o - 4 scrolls of remove curse
 p - 2 scrolls of fear
 x - a scroll of brand weapon
Potions
 c - 3 potions of curing
 d - 9 potions of heal wounds
 e - 6 potions of haste
 f - 7 potions of magic
 g - 3 potions of berserk rage
 q - 2 potions of invisibility
 r - 4 potions of resistance
 t - 5 potions of might
Books
 A - a manual of Axes
Miscellaneous
 E - a lightning rod (4/4)


   Skills:
 * Level 21.1 Fighting
 - Level 20.0 Axes
 + Level 15.7 Armour
 + Level 14.7 Dodging


You had 11 spell levels left.
You didn't know any spells.
Your spell library was empty.

Dungeon Overview and Level Annotations

Branches:
Dungeon (1/1)

Altars:
Ashenzari
Cheibriados
Dithmenos
Elyvilon
Fedhas
Gozag
Hepliaklqana
Kikubaaqudgha
Makhleb
Nemelex Xobeh
Okawaru
Qazlal
Ru
Sif Muna
Trog
Uskayaw
Vehumet
Wu Jian
Xom
Yredelemnul
Zin
The Shining One
Beogh
Jiyva
Lugonu

Annotations:
D 1 transporter


Innate Abilities, Weirdness & Mutations

You reflexively headbutt those who attack you in melee.
You have a pair of horns on your head.


Message History

* * * LOW HITPOINT WARNING * * *
x2 You feel very sick.
The black draconian stormcaller is engulfed in noxious fumes.
The green draconian hits you but does no damage.
The green draconian tail-slaps you but does no damage.
The red draconian hits you but does no damage.
The wind drake is engulfed in noxious fumes.
The wind drake appears confused.
The wind drake closely misses the green draconian.
Unknown command.
Okay, then.
You hit the wind drake. You burn the wind drake. You headbutt the wind drake!
You kill the wind drake!
The wind drake's corpse disappears in a puff of smoke!
You closely miss the swamp drake. You hit the green draconian.
You burn the green draconian.
You barely miss the black draconian stormcaller.
Your crystal plate armour prevents you from hitting the red draconian.
You miss the red draconian.
You die...

▓...)))...▓....
▓▓▓▓▓▓▓▓▓▓▓▓....(....▓.▓.)
....8©8....▓....©....▓...©
..)|..)|[..▓▓▓▓▓▓▓▓▓▓▓▓▓▓▓
▓...|)[))...▓...8©8...▓..8©
▓...........▓..=.)|)..▓..|[
▓.........d.▓...).)...▓..):
▓........k§d▓.........▓....
▓........d@d▓.........▓....
▓........q°)▓.....)...▓..†.
▓..▓.....▓..▓...)))...▓....
▓...........▓.....)...▓.▓..
▓.....☼.....▓....©)...▓...©
▓▓▓▓▓▓▓▓▓▓▓▓▓▓▓▓▓▓▓▓▓▓▓▓▓▓▓
▓...8©8...▓...8©8...▓...8©8
▓..:|.}.:.▓..})[})..▓..))[)
▓..|}["=..▓..=[dd"..▓...}|)


You could see 2 draconians, 2 draconians, a black draconian stormcaller (very
poisoned) and a swamp drake (summoned, catching breath).

Vanquished Creatures
  An ironheart preserver (D)
  A red draconian (D)
  3 black draconians (D)
  A green draconian (D)
  A yellow draconian (D)
  An ogre mage (D)
  A vault guard (D)
  2 dancing weapons (D)
  An orc high priest (D)
  A wretched star (D)
  A deep elf knight (D)
  An orc knight (D)
  4 deep elf magi (D)
  A vault sentinel (D)
  2 cane toads (D)
  A yaktaur (D)
  An ancient zyme (D)
  2 jumping spiders (D)
  A polar bear (shapeshifter) (D)
  A hornet (D)
  A raiju (D)
  3 spriggans (D)
  A yak (D)
  4 black bears (D)
  4 wolves (D)
  2 scorpions (D)
  2 quasits (D)
  An iron imp (D)
  An iguana (D)
  A river rat (D)
  6 shadow imps (D)
  A white imp (D)
  An ufetubus (D)
  2 jackals (D)
  2 ball python zombies (D)
  A leopard gecko skeleton (D)
61 creatures vanquished.

Vanquished Creatures (collateral kills)
  An orc warlord (D)
  A stone giant (D)
  2 ettins (D)
  An orc high priest (D)
  An orc knight (D)
  An orc sorcerer (D)
  A warg (D)
  3 orc warriors (D)
11 creatures vanquished.

Vanquished Creatures (others)
  A red draconian (D)
  A sixfirhy (D)
  A smoke demon (D)
  A ynoxinul (D)
4 creatures vanquished.

Grand Total: 76 creatures vanquished

Notes
Turn   | Place    | Note
-------+----------+-------------------------------------------
     0 | D        | Zeld the Minotaur Berserker began the quest for the Orb.
     0 | D        | Reached XP level 1. HP: 19/19 MP: 0/0
     1 | D        | Found a blossoming altar of Fedhas.
     2 | D        | Found the +6 Majin-Bo {vamp, MP+6 Int+6}
     2 | D        | Found the +9 heavy crossbow "Sniper" {vorpal, Acc+∞ SInv}
     2 | D        | Found the +10 dark maul {vorpal}
     2 | D        | Found the +15 Maxwell's patent armour {-Cast -Tele rElec
                  | Will+ rCorr}
     2 | D        | Found the +18 shield of the Gong {rElec rN+ Will+ EV-5}
     2 | D        | Found the cursed +14 obsidian axe {vorpal, +Fly SInv
                  | *Curse}
     2 | D        | Found the +7 great mace "Firestarter" {inner flame, rF++}
     2 | D        | Found the +6 shillelagh "Devastator" {shatter}
     2 | D        | Found the +11 plutonium sword {*Contam Stlth-}
     2 | D        | Found the +8 lance "Wyrmbane" {slay drac, rPois rF+ rC+
                  | AC+3}
     2 | D        | Found the +9 sword of Zonguldrok {reap}
     2 | D        | Found the cursed +13 scythe of Curses {drain, *Curse}
     2 | D        | Found the +5 sword of Power {vorpal}
     2 | D        | Found the +7 mace of Variability {chain chaos}
     2 | D        | Found the +7 Singing Sword {vorpal, sonic wave}
     2 | D        | Found the +8 storm bow {elec, penet}
     7 | D        | Found a viscous altar of Jiyva.
     7 | D        | Found a hazy altar of Hepliaklqana.
     7 | D        | Found a transporter.
     7 | D        | Found an opulent altar of Gozag.
     7 | D        | Found an ancient bone altar of Kikubaaqudgha.
     7 | D        | Found a corrupted altar of Lugonu.
    12 | D        | Found a burning altar of Makhleb.
    14 | D        | Found a sacrificial altar of Ru.
    14 | D        | Found a stormy altar of Qazlal.
    14 | D        | Found a shimmering blue altar of Sif Muna.
    14 | D        | Found an iron altar of Okawaru.
    14 | D        | Found a bloodstained altar of Trog.
    14 | D        | Found a sparkling altar of Nemelex Xobeh.
    54 | D        | Reached skill level 6 in Fighting
    54 | D        | Reached XP level 2. HP: 31/31 MP: 1/1
    78 | D        | Entered arena 2.
    78 | D        | Found a transporter.
    85 | D        | Reached ** piety under Trog
    86 | D        | Reached skill level 7 in Fighting
    86 | D        | Reached XP level 3. HP: 36/39 MP: 2/2
    96 | D        | Entered arena 3.
    96 | D        | Noticed a yak
    96 | D        | Noticed a wolf
    96 | D        | Found a transporter.
   101 | D        | Killed a yak
   101 | D        | Killed a wolf
   102 | D        | Reached skill level 9 in Fighting
   102 | D        | Reached skill level 10 in Axes
   102 | D        | Reached XP level 4. HP: 30/51 MP: 3/3
   102 | D        | Reached XP level 5. HP: 35/58 MP: 4/4
   102 | D        | Reached XP level 6. HP: 39/66 MP: 5/5
   220 | D        | Acquired the +1 pair of boots of Pantheism {rN+ Stlth+}
   365 | D        | Entered arena 4.
   365 | D        | Noticed a jumping spider
   365 | D        | Noticed a jumping spider
   365 | D        | Found a transporter.
   370 | D        | Killed a jumping spider
   370 | D        | Reached *** piety under Trog
   371 | D        | Reached skill level 11 in Fighting
   372 | D        | Reached XP level 7. HP: 57/74 MP: 6/6
   375 | D        | Killed a jumping spider
   376 | D        | Reached skill level 12 in Fighting
   454 | D        | Entered arena 5.
   454 | D        | Found a transporter.
   456 | D        | Reached **** piety under Trog
   464 | D        | Got the amulet of Remimn {RegenMP Int+2}
   468 | D        | Got the cursed +1 war axe "Qeer" {flame, +Blink rC- Dex+3
                  | SInv}
   476 | D        | Entered arena 6.
   476 | D        | Found a transporter.
   480 | D        | Reached ***** piety under Trog
   490 | D        | Entered arena 7.
   490 | D        | Noticed an ancient zyme
   490 | D        | Noticed a raiju
   490 | D        | Noticed a wretched star
   491 | D        | Found the +8 demon trident "Rift" {distort, reach+}
   491 | D        | Found a transporter.
   497 | D        | Killed a raiju
   498 | D        | Reached XP level 8. HP: 66/85 MP: 7/7
   503 | D        | Killed an ancient zyme
   504 | D        | Reached skill level 13 in Fighting
   505 | D        | Received a gift from Trog
   510 | D        | Killed a wretched star
   511 | D        | Reached skill level 10 in Armour
   615 | D        | Entered arena 8.
   615 | D        | Noticed a cane toad
   615 | D        | Noticed a cane toad
   616 | D        | Found a transporter.
   618 | D        | Killed a cane toad
   618 | D        | Reached ****** piety under Trog
   619 | D        | Reached skill level 14 in Fighting
   619 | D        | Reached XP level 9. HP: 94/95 MP: 8/8
   621 | D        | Killed a sixfirhy
   623 | D        | Killed a cane toad
   624 | D        | Reached skill level 10 in Dodging
   630 | D        | Entered arena 9.
   630 | D        | Noticed an ogre mage
   630 | D        | Noticed a vault guard
   630 | D        | Noticed an orc knight
   630 | D        | Noticed a yaktaur
   630 | D        | Noticed an ironheart preserver
   630 | D        | Noticed a deep elf knight
   630 | D        | Noticed a vault sentinel
   631 | D        | Found a transporter.
   638 | D        | Killed an ironheart preserver
   638 | D        | Received a gift from Trog
   639 | D        | Reached skill level 15 in Fighting
   639 | D        | Reached skill level 15 in Axes
   640 | D        | Killed a vault guard
   640 | D        | Killed a vault sentinel
   641 | D        | Reached skill level 16 in Fighting
   641 | D        | Reached XP level 10. HP: 107/107 MP: 9/9
   642 | D        | Killed an orc knight
   644 | D        | Killed an ogre mage
   644 | D        | Received a gift from Trog
   644 | D        | Killed a deep elf knight
   645 | D        | Reached skill level 17 in Fighting
   697 | D        | Killed a smoke demon
   704 | D        | Entered arena 10.
   704 | D        | Noticed a deep elf mage
   704 | D        | Noticed a deep elf mage
   704 | D        | Noticed a +6 glaive of venom
   704 | D        | Noticed a deep elf mage
   704 | D        | Noticed a +1 trident of flaming
   704 | D        | Noticed an orc high priest
   704 | D        | Noticed a deep elf mage
   707 | D        | Noticed a smoke demon
   711 | D        | Found a transporter.
   714 | D        | Killed an orc high priest
   718 | D        | Killed a deep elf mage
   719 | D        | Killed a +1 trident of flaming
   720 | D        | Reached XP level 11. HP: 72/118 MP: 10/10
   722 | D        | Killed a deep elf mage
   724 | D        | Noticed a sixfirhy
   727 | D        | Killed a +6 glaive of venom
   727 | D        | Received a gift from Trog
   728 | D        | Reached skill level 18 in Fighting
   730 | D        | Killed a deep elf mage
   731 | D        | Noticed a soul eater
   732 | D        | Killed a deep elf mage
   735 | D        | HP: 9/181 [poisoned by a +6 glaive of venom]
   736 | D        | HP: 4/121 [poisoned by a +6 glaive of venom]
   974 | D        | Got the ring of Xoheg {rF- Will+ MP+9 SInv}
   981 | D        | Entered arena 11.
   981 | D        | Noticed a spriggan rider
   982 | D        | Identified the +11 hand axe of Nightmares {vamp, +Fly rC++
                  | rN+}
   982 | D        | Found a transporter.
   986 | D        | Received a gift from Trog
  1044 | D        | Entered arena 12.
  1044 | D        | Noticed a yellow draconian monk
  1044 | D        | Noticed a black draconian
  1044 | D        | Noticed a green draconian
  1044 | D        | Noticed a purple draconian
  1044 | D        | Noticed a green draconian
  1044 | D        | Noticed a purple draconian
  1044 | D        | Noticed a white draconian
  1044 | D        | Noticed a black draconian
  1045 | D        | Noticed a purple draconian
  1045 | D        | Noticed a red draconian
  1047 | D        | HP: 2/121 [black draconian/bolt of lightning (25)]
  1053 | D        | Found a transporter.
  1056 | D        | Entered arena 13.
  1056 | D        | Noticed a stone giant
  1056 | D        | Noticed an ettin
  1056 | D        | Noticed an ettin
  1056 | D        | Noticed an orc high priest
  1056 | D        | Noticed an orc warlord
  1056 | D        | Noticed an orc sorcerer
  1057 | D        | Noticed an orc knight
  1061 | D        | Noticed a sun demon
  1062 | D        | Killed an ettin
  1063 | D        | Killed an orc high priest
  1064 | D        | Reached skill level 19 in Fighting
  1065 | D        | Killed an orc knight
  1065 | D        | Killed an orc warlord
  1065 | D        | Killed an ettin
  1066 | D        | Killed an orc sorcerer
  1066 | D        | Killed a stone giant
  1066 | D        | Received a gift from Trog
  1164 | D        | Found a transporter.
  1193 | D        | Entered arena 14.
  1346 | D        | Noticed a black draconian
  1346 | D        | Noticed a black draconian stormcaller
  1346 | D        | Noticed a green draconian
  1346 | D        | Noticed a red draconian
  1346 | D        | Noticed a green draconian
  1346 | D        | Noticed a black draconian
  1346 | D        | Noticed a red draconian
  1347 | D        | Found a transporter.
  1347 | D        | Identified the +8 halberd of Dishonour {freeze, rC+ Int+4}
  1347 | D        | Noticed a green draconian
  1347 | D        | Noticed a red draconian
  1347 | D        | Noticed a yellow draconian
  1347 | D        | Noticed a black draconian
  1347 | D        | Noticed a red draconian
  1348 | D        | Noticed a lindwurm
  1354 | D        | Killed a black draconian
  1357 | D        | Killed a red draconian
  1358 | D        | Reached skill level 20 in Fighting
  1358 | D        | Reached XP level 12. HP: 125/133 MP: 11/11
  1359 | D        | Killed a black draconian
  1362 | D        | Killed a black draconian
  1362 | D        | Killed a green draconian
  1363 | D        | Reached skill level 15 in Armour
  1367 | D        | Killed a red draconian
  1369 | D        | Killed a yellow draconian
  1370 | D        | Reached skill level 21 in Fighting
  1370 | D        | HP: 7/204 [poisoned by a swamp drake (noxious blast)]
  1371 | D        | HP: 3/204 [poisoned by a swamp drake (noxious blast)]
  1372 | D        | Succumbed to a swamp drake's noxious blast

Illustrated notes

Levels and vault maps discovered:
D:        sprint_v [room_start, room_1, room_2, room_3, room_4, room_5, room_6,
          room_7, room_8, room_9, room_10, room_11, room_12, room_13, room_14,
          room_15, room_16, room_17, room_18, room_19, room_20, room_21,
          room_22, room_23, room_24, room_25, room_26, room_27]

Skill      XL: |  1  2  3  4  5  6  7  8  9 10 11 12 |
---------------+-------------------------------------+-----
Fighting       | 6 7 9 11 12 14 16 17 20 21 | 21.1
Axes           | 6 7 10 11 12 14 16 17 20 | 20.0
Armour         | 4 6 7 9 10 11 13 14 15 | 15.7
Dodging        | 3 4 6 7 8 9 11 12 13 14 | 14.7

Action                   |  1- 3 |  4- 6 |  7- 9 | 10-12 || total
-------------------------+-------+-------+-------+-------++-------
Melee: Broad axe         |    10 |     5 |     7 |       ||    22
       Headbutt          |     1 |     1 |    16 |    19 ||    37
       War axe           |       |       |    32 |    71 ||   103
Invok: Berserk           |       |       |     2 |     2 ||     4
       Trog's Hand       |       |       |     1 |       ||     1
       Brothers in Arms  |       |       |       |     7 ||     7
  Use: Potion            |     1 |       |       |     8 ||     9
       Scroll            |       |     1 |       |     4 ||     5
Armor: Crystal plate arm |    25 |    14 |    26 |    62 ||   127
Dodge: Dodged            |     4 |     2 |     5 |    33 ||    44
Block: Tower shield      |    19 |    11 |    39 |    95 ||   164
